 Dungeon Crawl Stone Soup version 0.30.0-10-gfe55d96785 (webtiles) character file.

Game seed: 9555758018315468414

98 GigaChad the Ducker (level 5, -3/39 HPs)
             Began as a Djinni Gladiator on May 14, 2023.
             Slain by an orc
             ... wielding a +0 mace
              (4 damage)
             ... on level 3 of the Dungeon.
             The game lasted 00:03:02 (1907 turns).

GigaChad the Ducker (Djinni Gladiator)              Turns: 1907, Time: 00:03:02

Health: -3/39      AC:  5    Str: 15    XL:     5   Next: 0%
Gold:   120        EV: 12    Int:  9    God:
                   SH:  3    Dex: 15

rFire   + + .        a - +0 war axe
rCold   x . .        i - +0 buckler
rNeg    . . .        b - +0 leather armour
rPois   ∞            c - +0 helmet
rElec   .            h - +0 cloak
rCorr   .            (no gloves)
SInv    .            (boots unavailable)
Will    .....        (no amulet)
Stlth   +            (no ring)
HPRegen 0.26/turn    (no ring)
MPRegen 0.00/turn

%: infuse magic (-4 HP)
@: flying
A: sickness immunity, fire resistance 2, cold vulnerability 1, float, innate
caster, HP casting, extra vitality 1
a: no special abilities


You were on level 3 of the Dungeon.
You visited 1 branch of the dungeon, and saw 3 of its levels.

You collected 120 gold pieces.

Inventory:

Hand Weapons
 a - a +0 war axe (weapon)
Missiles
 d - 3 throwing nets (quivered)
 e - a javelin
Armour
 b - a +0 leather armour (worn)
 c - a +0 helmet (worn)
 f - a scarf of resistance
 h - a +0 cloak (worn)
 i - a +0 buckler (worn)
Scrolls
 g - a scroll of identify {unknown}


   Skills:
 * Level 2.5 Fighting
 * Level 3.5 Axes
 - Level 1.6 Throwing
 * Level 0.7 Armour
 * Level 3.9 Dodging
 * Level 0.5 Stealth


You knew the following spells:

 Your Spells              Type           Power      Damage    Failure   Level
a - Apportation           Tloc           0%         N/A       56%         1
b - Passwall              Tmut/Erth      0%         N/A       71%         2
Your spell library was empty.

Dungeon Overview and Level Annotations

Branches:
Dungeon (3/15)

Altars:

Shops:
D:2 (

Annotations:
D:3 3 runed translucent doors, Exaltedone87's ghost, weakling AtFi


Innate Abilities, Weirdness & Mutations

You are immune to sickness and miasma.
You are immune to poison.
Your flesh is very heat resistant. (rF++)
You are vulnerable to cold. (rC-)
You float through the air rather than walking.
You learn spells naturally, not from books.
Your magical power is your life essence.
You have superior vitality. (+4 MHP)


Message History

The orc shouts!
You hear a shout!
An orc comes into view. It is wielding a +0 club.
The orc shouts!
The bat hits you but does no damage.
Something hits the plant.
The plant begins to die.
The orc moves out of view.
The bat hits you but does no damage.
The orc shouts!
Something hits the plant.
The orc closely misses you.
You barely miss the orc. You hit the bat.
A nearby fungus withers and dies.
The bat hits you but does no damage. x2
An orc priest comes into view. It is wielding a +0 flail.
The orc hits you with a +0 mace.
The orc priest invokes the aid of Beogh against you.
Beogh smites you! The orc closely misses you.
You closely miss the orc. x2; A nearby plant withers and dies.
The bat hits you. The orc hits you with a +0 short sword.
The orc priest hits the plant with a +0 flail.
The plant begins to die.
The orc misses you.
The endoplasm quivers.
You hit the orc but do no damage. You hit the bat but do no damage.
You barely miss the orc. You block the bat's attack.
The bat closely misses you. The orc hits you with a +0 short sword.
You block the orc's attack.
The orc priest hits the plant with a +0 flail!
The bat misses you.
You are too injured to fight recklessly!
Unknown command.
Unknown command.
You slash the orc!
You kill the orc!
You barely miss the orc. You closely miss the orc. You miss the bat.
The bat misses you.
The orc priest mumbles some strange prayers to Beogh against you.
Beogh smites you!
* * * LOW HITPOINT WARNING * * *
You block the orc's attack. The orc hits you with a +0 short sword.
* * * LOW HITPOINT WARNING * * *
You block the orc's attack. The bat barely misses you.
The orc hits you with a +0 mace.
You die... #### #.# #P# #P# #.# .#.# #.#... oPP

#.# .#.# #.###.# #P#
#.# .#.####.# .....o
#.# ........# #.#.
#.## ....>...# ....
#..#
.#.###..###.###.###..#
.#.###..#.....ooo.#..#
.....#.........)@b..)#
##.#.#..####...###.#.#
##.#.#).####..# #....#
#......)).....# #.####
#.......####.## #.
.......)....... ..
.............#####
#.......######
#.......#


You could see an orc priest, 3 orcs and a bat.

Vanquished Creatures
  2 adders (D:2)
  5 worms
  A dart slug (D:1)
  5 orcs (D:3)
  4 bats
  6 endoplasms
  5 giant cockroaches
  7 goblins
  4 hobgoblins
  3 jackals (D:1)
  4 kobolds
  A quokka (D:2)
  3 ball pythons (D:2)
  A frilled lizard (D:1)
  4 rats
55 creatures vanquished.

Notes
Turn   | Place    | Note
-------+----------+-------------------------------------------
     0 | D:1      | GigaChad the Djinni Gladiator began the quest for the Orb.
     0 | D:1      | Reached XP level 1. HP: 18/18 MP: 0/0
    65 | D:1      | Reached XP level 2. HP: 10/23 MP: 0/0
   213 | D:1      | HP: 1/23 [dart slug/slug dart (3)]
   216 | D:1      | Reached XP level 3. HP: 2/28 MP: 0/0
   216 | D:1      | Learned a level 1 spell: Apportation
   562 | D:1      | You are sucked into a shaft and drop 1 floor!
   862 | D:2      | Reached XP level 4. HP: 32/33 MP: 0/0
  1012 | D:2      | Found Ugaul's Weapon Shoppe.
  1574 | D:3      | Found a runed translucent gate.
  1823 | D:3      | Found a runed translucent gate.
  1830 | D:3      | Reached XP level 5. HP: 37/39 MP: 0/0
  1830 | D:3      | Learned a level 2 spell: Passwall
  1850 | D:3      | Found a runed translucent gate.
  1855 | D:3      | Noticed Exaltedone87's ghost (weakling AtFi)
  1907 | D:3      | HP: 1/39 [orc/+0 short sword (4)]
  1907 | D:3      | Slain by an orc

Illustrated notes

Levels and vault maps discovered:
D:1:      sevenhm_arrival_forest_fort_small_4, layout_rooms
D:2:      layout_loops_ring, serial_shops, shop, minivault_27, item_on_display_a
D:3:      layout_loops_ring, shapermc_ecumenical_altar_mp_urbaneastern,
          gammafunk_ghost_split, serial_rivers, chequers_serial_rivers_marsh,
          chequers_serial_rivers_micro_d, chequers_serial_rivers_small_3,
          chequers_serial_rivers_micro_e, chequers_serial_rivers_micro_b,
          uniq_natasha

Skill      XL: |  1  2  3 |
---------------+----------+-----
Axes           | 3 |  3.5
Fighting       | |  2.5
Throwing       | |  1.6
Armour         | |  0.7
Dodging        | |  3.9
Stealth        | |  0.5

Action                     |  1- 3 |  4- 6 || total
---------------------------+-------+-------++-------
  Melee: War axe           |    83 |    74 ||   157
         Punch             |     1 |       ||     1
    Use: Scroll            |       |     1 ||     1
   Stab: Sleeping          |       |     5 ||     5
 Armour: Leather armour    |    23 |    21 ||    44
  Dodge: Dodged            |    61 |    56 ||   117
  Block: Buckler           |       |     4 ||     4
